 Dungeon Crawl Stone Soup version 0.26-a0-774-g1415c89e12 (webtiles) character file.

Game seed: 16047100889621965918

84 Kinoniko the Slasher (level 4, 0/40 HPs)
             Began as a Draconian Monk on Nov 9, 2020.
             Slain by Grinder (9 damage)
             ... while paralysed by Grinder
             ... on level 3 of the Dungeon.
             The game lasted 00:02:44 (2379 turns).

Kinoniko the Slasher (Draconian Monk)               Turns: 2379, Time: 00:02:44

Health: 0/40       AC:  7    Str: 14    XL:     4   Next: 24%
Magic:  4/4        EV:  2    Int: 10    God:
Gold:   111        SH:  0    Dex: 14    Spells: 3/3 levels left

rFire    . . .     SeeInvis .   a - +0 falchion
rCold    . . .     Faith    .   n - +0 buckler
rNeg     . . .     Spirit   .   (armour unavailable)
rPois    .         Reflect  .   (helmet restricted)
rElec    .         Harm     .   d - +1 cloak
rCorr    .         Rampage  .   (no gloves)
MR       .....                  (no boots)
Stlth    ++........             (no amulet)
HPRegen  0.13/turn              (no ring)
MPRegen  0.09/turn              (no ring)

@: paralysed, berserk cooldown, very slightly contaminated, slowed, invisible
A: unfitting armour, cold-blooded, AC +5
a: no special abilities


You were on level 3 of the Dungeon.
You visited 1 branch of the dungeon, and saw 3 of its levels.

You collected 111 gold pieces.

Inventory:

Hand Weapons
 a - a +0 falchion (weapon)
 k - a +1 whip of flaming
Armour
 d - a +1 cloak (worn)
 n - a +0 buckler (worn)
Scrolls
 g - 2 scrolls of fear
 m - 2 scrolls of immolation
Potions
 c - a potion of heal wounds


   Skills:
 + Level 3.8 Fighting
 * Level 3.9 Long Blades
 + Level 3.2 Dodging
 - Level 1.8 Stealth
 * Level 1.4 Shields


You had 3 spell levels left.
You didn't know any spells.
Your spell library was empty.

Dungeon Overview and Level Annotations

Branches:
Dungeon (3/15)

Altars:

Annotations:
D:3 Grinder


Innate Abilities, Weirdness & Mutations

Your plain brown scales are hard. (AC +5)
You cannot fit into any form of body armour.
You are cold-blooded and may be slowed by cold attacks.


Message History

Found an inky potion and a pair of boots.
You feel a strong urge to attack something.
A jackal comes into view.
You are no longer berserk.
You are exhausted.
You feel yourself slow down.
The jackal barks!
Grinder gestures at you.
You suddenly lose the ability to move!
Found a scroll labeled CAS NIPLOID and a runed falchion.
A jackal comes into view.
Grinder blinks!
The jackal moves out of view.
Grinder gestures at you.
You barely resist.
Grinder grins, showing sharp teeth.
Grinder hits you!
You writhe in agony.
Grinder hits you.
You writhe in agony.
* * * LOW HITPOINT WARNING * * *
Grinder hits you!
You die...

#.# .... #.#.#
.....# #.#!# .....#
#.#.##.^...#
#.#.#...... ..
#####.#.#....#.#..
.................#
....#......# ...#
?...?.5@...###...#
....#...#.......?#
.. #...#........#
#...#........#
.....#........##.
.....!#...........
.[....#.....#.###.
......)##.#.##.##..
#.#†.......


You could see Grinder.

Vanquished Creatures
  Crazy Yiuf (D:2)
  2 adders
  A worm (D:2)
  2 leopard geckos
  A ball python (D:1)
  6 bats
  A giant cockroach (D:1)
  4 goblins
  A hobgoblin (D:2)
  2 jackals (D:2)
  5 kobolds
  4 frilled lizards
  6 rats
36 creatures vanquished.

Notes
Turn   | Place    | Note
-------+----------+-------------------------------------------
     0 | D:1      | Kinoniko the Draconian Monk began the quest for the Orb.
     0 | D:1      | Reached XP level 1. HP: 19/19 MP: 1/1
   428 | D:1      | Reached XP level 2. HP: 26/26 MP: 2/2
  1239 | D:2      | Found a runed translucent door.
  1240 | D:2      | Noticed Crazy Yiuf
  1387 | D:2      | Reached XP level 3. HP: 28/33 MP: 3/3
  2202 | D:2      | Killed Crazy Yiuf
  2202 | D:2      | Reached skill level 1 in Shields
  2202 | D:2      | Reached XP level 4. HP: 28/40 MP: 2/4
  2335 | D:3      | Noticed Grinder
  2344 | D:3      | Paralysed by Grinder for 7 turns
  2354 | D:3      | Paralysed by Grinder for 2 turns
  2373 | D:3      | Paralysed by Grinder for 7 turns
  2379 | D:3      | Slain by Grinder

Illustrated notes

Levels and vault maps discovered:
D:1:      lightli_arrival_windingriver, layout_loops_ring
D:2:      layout_loops_ring, minmay_misc_feat_ornament, grunt_decor_clamped,
          uniq_crazy_yiuf_cottage
D:3:      layout_basic, uniq_grinder

Skill      XL: |  1  2  3 |
---------------+----------+-----
Dodging        | 3 |  3.2
Shields        | 1 |  1.4
Fighting       | |  3.8
Long Blades    | |  3.9
Stealth        | |  1.8

Action                   |  1- 3 |  4- 6 || total
-------------------------+-------+-------++-------
Melee: Falchion          |   103 |    18 ||   121
       Tailslap          |    15 |       ||    15
  Use: Scroll            |     7 |       ||     7
       Potion            |     1 |     4 ||     5
 Stab: Sleeping          |     3 |       ||     3
       Invisible         |     4 |       ||     4
Armor: Skin              |    34 |     1 ||    35
Dodge: Dodged            |    72 |     8 ||    80
Block: Buckler           |     3 |     1 ||     4
       Rpst.: Falchion   |    26 |     2 ||    28

Table legend: (Time is in decaauts)
 A = Elapsed time spent in this place.
 B = Non-inter-level travel time spent in this place.
 C = Inter-level travel time spent in this place.
 D = Time resting spent in this place.
 E = Time spent auto-exploring this place.
 F = Levels seen in this place.
 G = Mean time per level.
                   A        B        C        D        E       F      G
               +--------+--------+--------+--------+--------+-----+--------+
         Total |   2391 |   2288 |    103 |    477 |   1477 |   3 |  797.0 |
       Dungeon |   2391 |   2288 |    103 |    477 |   1477 |   3 |  797.0 |
               +--------+--------+--------+--------+--------+-----+--------+

Top non-repeatable levels by time:
     D:2: 1350 daAuts
     D:1: 983 daAuts
     D:3: 57 daAuts
